Map: Ghost River LE

Players

Lambo - Winner!

  • Race: Zerg Zerg
  • Spawn Location: 11:00

Fjant

  • Race: Zerg Zerg
  • League: Master
  • Spawn Location: 1:00

Event: Bellum Gens Elite Stara Zagora 2024

VOD

Have the link to the VOD?

Description

Time

  • Played on: Sept. 7, 2024, 10:12 a.m.
  • Length: 8:34

All games in this series

Show
View Real Time Build Order
Export as new Build Order

Lambo Zerg - Winner!

Build Orders: Hatch First 

Get SALT Encoding   

  12  0:00  Drone  
  13  0:08  Drone  
  14  0:14  Extractor  
  14  0:15  Drone  
  15  0:36  Hatchery  
  15  0:41  Drone, Extractor  
  15  0:47  Overlord  
  15  1:02  Spawning Pool  
  14  1:06  Drone  
  14  1:08  Drone  
  16  1:13  Drone  
  16  1:16  Drone  
  18  1:20  Extractor  
  17  1:27  Drone  
  18  1:38  Drone  
  19  1:48  Drone, Queen x2  
  19  1:52  Drone  
  25  2:02  Drone, Overlord  
  26  2:09  Drone  
  26  2:12  Drone  
  28  2:21  Drone x2  
  30  2:31  Metabolic Boost  
  30  2:34  Drone, Zergling x2  
  32  2:39  Hatchery  
  32  2:43  Overlord  
  31  2:46  Drone  
  32  2:53  Drone  
  32  2:56  Drone  
  32  2:58  Drone x2  
  36  3:01  Drone x2  
  38  3:07  Roach Warren, Zergling x2  
  38  3:12  Zergling x6, Baneling Nest  
  41  3:15  Zergling x2  
  42  3:20  Overlord  
  42  3:29  Zergling x4  
  42  3:30  Overlord  
  44  3:37  Overlord  
  44  3:39  Zergling x8  
  48  3:44  Overlord  
  48  3:58  Drone x4  
  48  4:01  Zergling x12  
  54  4:07  Zergling x4  
  54  4:08  Roach Warren  
  54  4:09  Baneling x2  
  53  4:13  Zergling x4  
  55  4:17  Baneling  
  55  4:18  Zergling x2  
  55  4:22  Extractor  
  55  4:23  Zergling x2  
  55  4:24  Zergling x2  
  55  4:33  Zergling x14  
  55  4:34  Baneling x2  
  55  4:36  Zergling x2  
  63  4:43  Drone x2  
  61  4:46  Drone  
  61  4:47  Evolution Chamber  
  61  4:49  Drone  
  61  4:54  Drone  
  60  5:01  Drone x2  
  60  5:02  Queen, Lair  
  60  5:05  Drone  
  65  5:11  Drone x2  
  65  5:13  Zerg Ground Armor Level 1  
  66  5:15  Drone  
  66  5:17  Drone x3, Extractor  
  66  5:19  Drone  
  71  5:21  Drone  
  71  5:25  Drone x2  
  73  5:30  Drone x2  
  73  5:31  Drone  
  78  5:39  Roach x2  
  78  5:40  Overlord  
  80  5:43  Spine Crawler  
  80  5:45  Roach  
  80  5:47  Overlord  
  81  5:50  Spine Crawler  
  81  5:51  Overlord  
  81  5:54  Overlord  
  80  6:01  Roach x4  
  80  6:03  Glial Reconstitution  
  88  6:05  Roach  
  88  6:06  Roach  
  88  6:08  Roach  
  94  6:12  Roach x3  
  94  6:15  Roach  
  102  6:20  Roach x2  
  102  6:24  Overlord  
  102  6:25  Extractor  
  106  6:27  Roach x2  
  106  6:31  Roach  
  112  6:36  Zergling x2  
  113  6:40  Overlord  
  113  6:43  Overlord  
  113  6:44  Overlord  
  116  6:47  Roach x4  
  116  6:49  Roach  
  116  6:51  Roach  
  112  6:57  Roach  
  98  7:03  Roach  
  98  7:04  Zergling x12  
  98  7:11  Roach  
  98  7:12  Roach  
  100  7:16  Roach  
  100  7:19  Drone x2  
  100  7:22  Roach  
  106  7:27  Roach  
  108  7:33  Roach x2  
  108  7:36  Roach  
  114  7:40  Drone  
  114  7:41  Roach  
  117  7:48  Roach  
  117  7:53  Roach x5  
  127  8:01  Roach x3  
  127  8:04  Overlord  
  133  8:06  Roach x2  
  133  8:11  Roach x3  
  135  8:14  Roach x2  
Show
View Real Time Build Order
Export as new Build Order

Fjant Zerg 

Build Orders: Hatch First, Roach Nydus 

Get SALT Encoding   

  12  0:00  Drone  
  13  0:09  Drone  
  14  0:14  Extractor  
  14  0:15  Drone  
  15  0:37  Hatchery  
  14  0:43  Drone, Extractor  
  14  0:48  Overlord  
  15  1:04  Spawning Pool  
  15  1:07  Drone  
  15  1:09  Drone  
  16  1:14  Drone  
  17  1:25  Drone  
  18  1:33  Drone  
  19  1:46  Drone  
  20  1:51  Queen x2  
  20  1:52  Drone x2  
  26  2:01  Drone  
  26  2:02  Overlord  
  27  2:10  Drone  
  28  2:23  Drone x3  
  28  2:26  Queen x2  
  35  2:36  Drone, Evolution Chamber  
  35  2:37  Drone  
  36  2:38  Extractor  
  36  2:41  Extractor  
  36  2:43  Drone  
  35  2:46  Overlord  
  35  2:55  Drone  
  36  3:01  Hatchery  
  35  3:07  Drone  
  35  3:10  Drone x3  
  35  3:12  Drone  
  40  3:13  Roach Warren  
  40  3:19  Overlord  
  39  3:24  Drone x2  
  41  3:32  Overlord  
  42  3:34  Drone x2  
  42  3:37  Drone  
  42  3:38  Drone  
  45  3:43  Drone x2, Extractor  
  45  3:46  Zergling x4  
  48  3:51  Evolution Chamber  
  47  3:58  Zergling x2  
  47  3:59  Zergling x4  
  48  4:06  Drone x2  
  48  4:07  Zerg Missile Weapons Level 1  
  48  4:12  Roach  
  48  4:13  Roach x3  
  56  4:18  Lair  
  56  4:25  Roach x2  
  58  4:31  Roach x3  
  59  4:39  Roach x2  
  59  4:40  Zergling x2  
  59  4:41  Zergling x2, Roach  
  59  4:45  Queen  
  65  4:48  Roach  
  65  4:51  Roach  
  61  4:53  Roach  
  61  4:56  Roach  
  61  4:58  Ravager  
  61  4:59  Roach  
  62  5:02  Roach  
  61  5:09  Roach x3  
  65  5:18  Overlord  
  65  5:20  Overlord  
  65  5:30  Extractor  
  62  5:35  Queen  
  62  5:39  Drone  
  62  5:40  Drone x2, Nydus Network  
  62  5:41  Roach  
  68  5:50  Roach  
  68  5:52  Roach  
  68  5:54  Roach x2  
  76  6:00  Overlord  
  76  6:04  Overlord  
  76  6:10  Overlord  
  76  6:17  Nydus Canal  
  76  6:19  Roach x2  
  76  6:24  Roach x2  
  76  6:25  Queen x2, Evolution Chamber  
  86  6:26  Roach  
  89  6:37  Roach x3  
  95  6:47  Roach x2  
  95  6:55  Roach  
  95  6:56  Roach  
  95  6:59  Roach  
  81  7:07  Roach x2  
  75  7:10  Ravager  
  63  7:19  Roach x2  
  63  7:30  Roach x2  
  63  7:31  Ravager x2  
  63  7:32  Ravager  
  63  7:33  Roach  
  72  7:38  Roach x2  
  72  7:40  Roach  
  72  7:43  Roach  
  77  7:53  Roach  
  77  7:54  Roach x3  
  77  7:56  Roach  
  82  8:00  Roach Warren  
  72  8:13  Zergling x6  
  72  8:15  Zergling x2  
  72  8:16  Zergling x4  
Tags
 
Add a new tag
Caveats
  • Supply blocks, unpowered buildings, or Contaminate may cause inaccurate times.
  • Supply counts are checked every 10 seconds.